 Dungeon Crawl Stone Soup version 0.24.0-37-gcf1ca852f1 (webtiles) character file.

Game seed: 12612252092790480043, levelgen mode: deterministic

8508 FishyPogo the Thaumaturge (level 11, -15/127 HPs)
             Began as a Gnoll Skald on Dec 1, 2019.
             Was a High Priest of Makhleb.
             Killed from afar by an efreet (28 damage)
             ... with a bolt of fire
             ... on level 11 of the Dungeon.
             The game lasted 00:51:49 (8242 turns).

FishyPogo the Thaumaturge (Gnoll Skald)             Turns: 8242, Time: 00:51:50

Health: -15/127    AC: 16    Str: 25    XL:     11   Next: 32%
Magic:  18/23      EV: 15    Int: 15    God:    Makhleb [*****.]
Gold:   520        SH: 13    Dex: 16    Spells: 10/26 levels left

rFire    . . .     SeeInvis .   O - +5 falchion
rCold    . . .     Gourm    .   f - +3 buckler
rNeg     . . .     Faith    .   L - +6 scale mail "Nivuish" {Str+4}
rPois    .         Spirit   .   (no helmet)
rElec    .         Reflect  +   w - +0 cloak
rCorr    +         Harm     .   l - +0 pair of gloves
MR       .....                  (no boots)
Stlth    ..........             N - +4 amulet of reflection
HPRegen  1.31/turn              i - ring of resist corrosion
MPRegen  0.18/turn              (no ring)

@: berserking, flying, regenerating, very quick
A: distributed training, fangs 1, strong nose
a: Minor Destruction, Lesser Servant of Makhleb, Major Destruction, Greater
Servant of Makhleb, Renounce Religion


You were on level 11 of the Dungeon.
You worshipped Makhleb.
Makhleb was extremely pleased with you.
You were hungry.

You visited 1 branch of the dungeon, and saw 11 of its levels.

You collected 520 gold pieces.

Inventory:

Hand Weapons
 g - a +2 hand axe of chopping
 O - a +5 falchion (weapon)
Missiles
 j - 29 boomerangs (quivered)
 u - 7 atropa-tipped darts
 y - 39 poisoned darts
Armour
 f - a +3 buckler (worn)
 l - a +0 pair of gloves (worn)
 w - a +0 cloak (worn)
 L - the +6 scale mail "Nivuish" (worn) {Str+4}
   (You found it on level 9 of the Dungeon)

   It affects your strength (+4).
Magical Staves
 M - an uncursed staff of energy
Jewellery
 i - a ring of resist corrosion (left hand)
 G - an uncursed amulet of regeneration
 N - a +4 amulet of reflection (around neck)
Wands
 r - a wand of random effects (27)
 s - a wand of acid (20)
 J - a wand of iceblast (14)
Scrolls
 a - 7 scrolls of remove curse
 c - 2 scrolls of identify
 n - a scroll of immolation
 p - 5 scrolls of magic mapping
 v - 3 scrolls of amnesia
 A - 5 scrolls of teleportation
 F - 3 scrolls of enchant weapon
Potions
 b - 3 potions of magic {unknown}
 e - 3 potions of flight
 h - a potion of berserk rage
 k - a potion of resistance
 m - a potion of agility
 q - 3 potions of brilliance {unknown}
 t - 2 potions of heal wounds {unknown}
 z - 2 potions of haste {unknown}
 C - 2 potions of degeneration {unknown}
 D - 2 potions of invisibility
 E - 2 potions of lignification {unknown}
 H - a potion of experience {unknown}
 I - 2 potions of might
 K - a potion of curing {unknown}
Comestibles
 d - 24 rations
 o - a chunk of flesh


   Skills:
 + Level 7.7 Fighting
 + Level 6.1 Short Blades
 + Level 6.1 Long Blades
 + Level 7.7 Axes
 + Level 6.1 Maces & Flails
 + Level 6.1 Polearms
 + Level 6.1 Staves
 + Level 6.1 Slings
 + Level 6.1 Bows
 + Level 6.1 Crossbows
 + Level 6.1 Throwing
 + Level 6.6 Armour
 + Level 7.7 Dodging
 + Level 6.1 Stealth
 + Level 6.1 Shields
 + Level 6.1 Unarmed Combat
 + Level 8.0 Spellcasting
 + Level 5.0 Conjurations
 + Level 5.0 Hexes
 + Level 7.5 Charms
 + Level 5.0 Summonings
 + Level 5.0 Necromancy
 + Level 5.0 Translocations
 + Level 5.0 Transmutations
 + Level 5.0 Fire Magic
 + Level 5.0 Ice Magic
 + Level 5.0 Air Magic
 + Level 5.0 Earth Magic
 + Level 5.0 Poison Magic
 + Level 6.6 Invocations
 + Level 6.1 Evocations


You had 10 spell levels left.
You knew the following spells:

 Your Spells              Type           Power        Failure   Level  Hunger
a - Ensorcelled Hibernat  Hex/Ice        ###...       4%          2    None
h - Regeneration          Chrm/Necr      ###.......   6%          3    ##.....
k - Tukima's Dance        Hex            ###.....     10%         3    ##.....
n - Spectral Weapon       Hex/Chrm       ###.....     6%          3    ##.....
p - Shroud of Golubria    Chrm/Tloc      ###...       3%          2    None
u - Song of Slaying       Chrm           ####....     1%          2    None
y - Infusion              Chrm           ####         1%          1    None

Your spell library contained the following spells:

 Spells                   Type           Power        Failure   Level  Hunger
 Corona                   Hex            ###....      3%          1    None
 Magic Dart               Conj           ###.         3%          1    None
 Blink                    Tloc           N/A          4%          2    None
 Searing Ray              Conj           ###...       4%          2    None
 Confuse                  Hex            ###.....     10%         3    ##.....
 Dazzling Spray           Conj/Hex       ###...       10%         3    ##.....
 Gell's Gravitas          Tloc           ###.......   10%         3    ##.....
 Lesser Beckoning         Tloc           ###.......   10%         3    ##.....
 Recall                   Summ/Tloc      N/A          10%         3    ##.....
 Teleport Other           Tloc           ###.....     10%         3    ##.....
 Force Lance              Conj/Tloc      ###.....     32%         4    ####...
 Fulminant Prism          Conj/Hex       ###.......   32%         4    ####...
 Iskenderun's Mystic Bla  Conj           ###.....     32%         4    ####...
 Passage of Golubria      Tloc           N/A          32%         4    ####...
 Aura of Abjuration       Summ           ###.......   65%         5    #####..
 Summon Demon             Summ           ###.......   65%         5    #####..
 Summon Forest            Summ/Tloc      ###.......   65%         5    #####..
 Summon Mana Viper        Hex/Summ       ###.....     65%         5    #####..
 Shadow Creatures         Summ           N/A          99%         6    #######


Dungeon Overview and Level Annotations

Branches:
Dungeon (11/15)            Temple (0/1) D:7            Lair (0/6) D:9
    Orc: D:9-12

Altars:
Dithmenos
Elyvilon
Fedhas
Makhleb
Sif Muna

Shops:
D:9 [

Annotations:
D:4 1 runed translucent door, hofbold's ghost, amateur BaVM


Innate Abilities, Weirdness & Mutations

Your experience applies equally to all skills.
You have very sharp teeth.
Your uncanny sense of smell can sniff out nearby items.


Message History

The efreet is severely wounded.
Your spectral weapon barely misses the efreet.
The efreet gestures at you. The bolt of fire hits you!!
* * * LOW HITPOINT WARNING * * *
Unknown command.
It was a potion of flight.
You feel very buoyant.
You fly up into the air.
You block the efreet's attack.
Okay, then.
Found a scroll of teleportation.
A two-headed ogre comes into view. It is wielding two +0 giant clubs.
It was a potion of berserk rage.
A red film seems to cover your vision as you go berserk!
You feel yourself moving faster!
You feel mighty!
You feel a strong urge to attack something.
You block the two-headed ogre's attack. The two-headed ogre closely misses you.
The efreet gestures at you. The bolt of fire hits you!!
You die...

.#.... #.. #.#
.......##...######.#
..^..............#.##
?...........##......#
#.#...... #......#..#.#
.$(.....###.##...#....#
........%..#.##.<...#..#
.... #.....O......###..#
#....#.#.(@.......# ..#
........##R.........#..#
.........○...##.###.#
........°^........ ...
#...##..##..##..###
####### ...
.............. ....
#.#.##.##...#...## #...
... .. ..?...... ∆ #...
.....# #.###...# ....


You could see a two-headed ogre, an efreet and a friendly spectral +5 falchion.

Vanquished Creatures
  A two-headed ogre (D:9)
  Psyche (D:8)
  A komodo dragon (D:9)
  2 trolls
  Prince Ribbit (D:8)
  4 hippogriffs
  Sigmund (D:3)
  4 hogs (D:8)
  A human (D:8)
  4 vampire mosquitoes
  Edmund (D:5)
  2 orc warriors
  4 sky beasts
  3 black bears
  An ice beast (D:10)
  4 phantoms
  5 centaurs
  4 ogres
  2 bullfrogs (D:8)
  A water moccasin zombie (D:10)
  3 scorpions
  12 killer bees
  A howler monkey (D:4)
  A bullfrog zombie (D:10)
  5 crimson imps
  A quasit (D:10)
  6 orc priests
  4 hounds
  Crazy Yiuf (D:2)
  4 bullfrog skeletons
  5 iguanas
  Jessica (D:2)
  Ijyb (D:3)
  5 orc wizards
  10 worker ants
  Natasha (thrice) (D:3)
  A hound skeleton (D:10)
  3 worker ant zombies
  Robin (D:3)
  A howler monkey skeleton (D:5)
  4 gnolls (D:5)
  8 adders
  2 shadow imps
  2 oozes (D:3)
  2 adder zombies (D:5)
  2 adder skeletons
  5 worms
  A dart slug (D:1)
  3 leopard geckos
  26 orcs
  4 bats (D:2)
  6 giant cockroaches
  10 hobgoblins
  20 jackals
  6 quokkas
  A ball python (D:5)
  2 frilled lizards
  15 goblins
  A jackal skeleton (D:5)
  6 kobolds
  A leopard gecko skeleton (D:6)
  2 quokka skeletons
  7 rats
252 creatures vanquished.

Vanquished Creatures (others)
  8 plants (D:9)
  6 spectral weapons
14 creatures vanquished.

Grand Total: 266 creatures vanquished

Notes
Turn   | Place    | Note
-------+----------+-------------------------------------------
     0 | D:1      | FishyPogo the Gnoll Skald began the quest for the Orb.
     0 | D:1      | Reached XP level 1. HP: 20/20 MP: 6/6
   214 | D:1      | Reached XP level 2. HP: 26/26 MP: 7/7
   252 | D:1      | Learned a level 2 spell: Song of Slaying
   256 | D:1      | Learned a level 2 spell: Shroud of Golubria
   362 | D:2      | Noticed Jessica
   402 | D:4      | Found a runed translucent door.
   402 | D:4      | Noticed hofbold's ghost (amateur BaVM)
   421 | D:3      | Noticed Natasha
   695 | D:5      | Entered Level 5 of the Dungeon
   699 | D:5      | Noticed a crimson imp
   718 | D:5      | Reached skill level 5 in Spellcasting
   718 | D:5      | Reached skill level 1 in Invocations
   718 | D:5      | Reached XP level 3. HP: 11/31 MP: 7/9
   799 | D:3      | Learned a level 3 spell: Regeneration
   804 | D:3      | Killed Natasha
   804 | D:3      | Reached skill level 1 in Short Blades
   804 | D:3      | Reached skill level 1 in Long Blades
   804 | D:3      | Reached skill level 1 in Maces & Flails
   804 | D:3      | Reached skill level 1 in Polearms
   804 | D:3      | Reached skill level 1 in Staves
   804 | D:3      | Reached skill level 1 in Slings
   804 | D:3      | Reached skill level 1 in Bows
   804 | D:3      | Reached skill level 1 in Crossbows
   804 | D:3      | Reached skill level 1 in Throwing
   804 | D:3      | Reached skill level 1 in Stealth
   804 | D:3      | Reached skill level 1 in Shields
   804 | D:3      | Reached skill level 1 in Unarmed Combat
   804 | D:3      | Reached skill level 1 in Evocations
   804 | D:3      | Reached XP level 4. HP: 30/38 MP: 3/11
   891 | D:3      | Noticed Sigmund
  1181 | D:2      | Reached skill level 1 in Conjurations
  1181 | D:2      | Reached skill level 1 in Hexes
  1181 | D:2      | Reached skill level 1 in Summonings
  1181 | D:2      | Reached skill level 1 in Necromancy
  1181 | D:2      | Reached skill level 1 in Translocations
  1181 | D:2      | Reached skill level 1 in Transmutations
  1181 | D:2      | Reached skill level 1 in Fire Magic
  1181 | D:2      | Reached skill level 1 in Ice Magic
  1181 | D:2      | Reached skill level 1 in Air Magic
  1181 | D:2      | Reached skill level 1 in Earth Magic
  1181 | D:2      | Reached skill level 1 in Poison Magic
  1222 | D:2      | Found a burning altar of Makhleb.
  1222 | D:2      | Found a shimmering blue altar of Sif Muna.
  1229 | D:2      | Became a worshipper of Makhleb the Destroyer
  1277 | D:2      | Learned a level 3 spell: Spectral Weapon
  1307 | D:2      | Reached XP level 5. HP: 40/43 MP: 12/12
  1725 | D:2      | Killed Jessica
  1762 | D:2      | Found a runed translucent door.
  1763 | D:2      | Noticed Crazy Yiuf
  1787 | D:2      | Killed Crazy Yiuf
  1873 | D:3      | Killed Sigmund
  1873 | D:3      | Reached skill level 5 in Fighting
  1873 | D:3      | Reached skill level 5 in Axes
  1873 | D:3      | Reached skill level 5 in Dodging
  1873 | D:3      | Reached XP level 6. HP: 50/51 MP: 8/14
  1982 | D:3      | Noticed Natasha
  1992 | D:3      | Killed Natasha
  2009 | D:3      | Noticed Ijyb
  2025 | D:3      | Killed Ijyb
  2027 | D:3      | Reached * piety under Makhleb
  2083 | D:3      | Reached XP level 7. HP: 52/56 MP: 4/15
  2103 | D:3      | Noticed Robin
  2111 | D:3      | Killed Robin
  2126 | D:3      | Noticed Natasha
  2132 | D:3      | Killed Natasha
  2397 | D:3      | Reached ** piety under Makhleb
  2408 | D:3      | Found a faded altar of an unknown god.
  3477 | D:5      | Noticed Edmund
  3533 | D:5      | Killed Edmund
  3533 | D:5      | Reached XP level 8. HP: 50/63 MP: 2/16
  3818 | D:5      | Reached skill level 6 in Spellcasting
  4044 | D:5      | Found a white marble altar of Elyvilon.
  4193 | D:6      | Reached *** piety under Makhleb
  4330 | D:6      | Learned a level 3 spell: Tukima's Dance
  4902 | D:7      | Reached XP level 9. HP: 26/69 MP: 15/18
  5015 | D:7      | Found a staircase to the Ecumenical Temple.
  5150 | D:7      | Reached skill level 5 in Armour
  5759 | D:8      | Reached skill level 5 in Invocations
  5849 | D:8      | Reached **** piety under Makhleb
  5852 | D:8      | Reached skill level 7 in Spellcasting
  5852 | D:8      | Reached XP level 10. HP: 77/77 MP: 7/20
  5935 | D:8      | Learned a level 2 spell: Ensorcelled Hibernation
  6002 | D:8      | Noticed Psyche
  6011 | D:8      | Killed Psyche
  6011 | D:8      | Reached skill level 5 in Short Blades
  6011 | D:8      | Reached skill level 5 in Long Blades
  6011 | D:8      | Reached skill level 5 in Maces & Flails
  6011 | D:8      | Reached skill level 5 in Polearms
  6011 | D:8      | Reached skill level 5 in Staves
  6011 | D:8      | Reached skill level 5 in Slings
  6011 | D:8      | Reached skill level 5 in Bows
  6011 | D:8      | Reached skill level 5 in Crossbows
  6011 | D:8      | Reached skill level 5 in Throwing
  6011 | D:8      | Reached skill level 5 in Stealth
  6011 | D:8      | Reached skill level 5 in Shields
  6011 | D:8      | Reached skill level 5 in Unarmed Combat
  6011 | D:8      | Reached skill level 5 in Evocations
  6169 | D:8      | Noticed Prince Ribbit
  6310 | D:8      | Killed Prince Ribbit
  6742 | D:9      | Found Ganaol's Armour Shop.
  6904 | D:9      | Found a blossoming altar of Fedhas.
  6926 | D:9      | Got a fine scale mail
  6937 | D:9      | Identified the +6 scale mail "Nivuish" {Str+4} (You found
                  | it on level 9 of the Dungeon)
  6945 | D:9      | Noticed a two-headed ogre
  6956 | D:9      | Killed a two-headed ogre
  7001 | D:9      | Found a staircase to the Lair.
  7073 | D:9      | Found a shadowy altar of Dithmenos.
  7175 | D:9      | Reached XP level 11. HP: 73/84 MP: 15/22
  7217 | D:10     | Entered Level 10 of the Dungeon
  8046 | D:11     | Noticed a green ugly thing
  8055 | D:11     | Reached skill level 5 in Conjurations
  8055 | D:11     | Reached skill level 5 in Hexes
  8055 | D:11     | Reached skill level 5 in Summonings
  8055 | D:11     | Reached skill level 5 in Necromancy
  8055 | D:11     | Reached skill level 5 in Translocations
  8055 | D:11     | Reached skill level 5 in Transmutations
  8055 | D:11     | Reached skill level 5 in Fire Magic
  8055 | D:11     | Reached skill level 5 in Ice Magic
  8055 | D:11     | Reached skill level 5 in Air Magic
  8055 | D:11     | Reached skill level 5 in Earth Magic
  8055 | D:11     | Reached skill level 5 in Poison Magic
  8133 | D:11     | Reached ***** piety under Makhleb
  8198 | D:11     | Reached skill level 8 in Spellcasting
  8235 | D:11     | HP: 1/85 [efreet/bolt of fire (18)]
  8239 | D:11     | Noticed a two-headed ogre
  8242 | D:11     | Killed from afar by an efreet

Levels and vault maps discovered:
D:1:      ncdulo_wetmaze, layout_basic, minmay_misc_feat_hallway
D:2:      layout_loops_ring, amethyst_overflow_temple_binary,
          uniq_crazy_yiuf_cottage, uniq_jessica
D:3:      layout_loops_ring, chequers_ecumenical_altar_twisty,
          corexii_item_surrounded_by_moat, minmay_circle_x, uniq_ijyb,
          uniq_sigmund, uniq_natasha, uniq_robin
D:4:      layout_gridville, hellmonk_ghost_happy_afterlife, lemuel_statue_altar
D:5:      layout_loops_ring, kennysheep_little_box, first_ration, uniq_edmund
D:6:      layout_basic
D:7:      layout_loops_ring, minmay_temple_entry_grid
D:8:      layout_gridville, grunt_livestock, uniq_psyche, uniq_prince_ribbit1
D:9:      layout_rooms, kennysheep_mini_moat, david_lair_shrubbed, serial_shops,
          shop, grunt_dithmenos_smoke
D:10:     layout_roguey, grunt_decor_resistance, minmay_diced_spiral
D:11:     layout_basic

Skill      XL: |  1  2  3  4  5  6  7  8  9 10 11 |
---------------+----------------------------------+-----
Spellcasting   | 5 6 7 8 |  8.0
Invocations    | 1 2 3 4 5 6 |  6.6
Short Blades   | 1 2 3 4 5 6 |  6.1
Long Blades    | 1 2 3 4 5 6 |  6.1
Maces & Flails | 1 2 3 4 5 6 |  6.1
Polearms       | 1 2 3 4 5 6 |  6.1
Staves         | 1 2 3 4 5 6 |  6.1
Slings         | 1 2 3 4 5 6 |  6.1
Bows           | 1 2 3 4 5 6 |  6.1
Crossbows      | 1 2 3 4 5 6 |  6.1
Throwing       | 1 2 3 4 5 6 |  6.1
Stealth        | 1 2 3 4 5 6 |  6.1
Shields        | 1 2 3 4 5 6 |  6.1
Unarmed Combat | 1 2 3 4 5 6 |  6.1
Evocations     | 1 2 3 4 5 6 |  6.1
Conjurations   | 1 2 3 4 5 |  5.0
Hexes          | 1 2 3 4 5 |  5.0
Summonings     | 1 2 3 4 5 |  5.0
Necromancy     | 1 2 3 4 5 |  5.0
Translocations | 1 2 3 4 5 |  5.0
Transmutations | 1 2 3 4 5 |  5.0
Fire Magic     | 1 2 3 4 5 |  5.0
Ice Magic      | 1 2 3 4 5 |  5.0
Air Magic      | 1 2 3 4 5 |  5.0
Earth Magic    | 1 2 3 4 5 |  5.0
Poison Magic   | 1 2 3 4 5 |  5.0
Armour         | 3 4 5 6 |  6.6
Fighting       | 5 6 7 |  7.7
Axes           | 5 6 7 |  7.7
Dodging        | 5 6 7 |  7.7
Charms         | 6 7 |  7.5

Action                   |  1- 3 |  4- 6 |  7- 9 | 10-12 || total
-------------------------+-------+-------+-------+-------++-------
Melee: Hand axe          |    64 |    92 |   325 |   223 ||   704
       Bite              |     9 |     9 |    35 |    39 ||    92
       Short sword       |       |       |       |     9 ||     9
       Staff             |       |       |       |     1 ||     1
       Falchion          |       |       |       |    26 ||    26
Throw: Boomerang         |       |     2 |    12 |    11 ||    25
       Dart              |       |       |       |     1 ||     1
 Cast: Infusion          |     3 |     6 |     5 |     6 ||    20
       Regeneration      |     1 |     3 |    11 |    11 ||    26
       Spectral Weapon   |       |     6 |    31 |    26 ||    63
       Shroud of Golubri |       |     3 |     6 |     4 ||    13
       Song of Slaying   |       |     1 |     4 |     4 ||     9
       Ensorcelled Hiber |       |       |       |     2 ||     2
Invok: Minor Destruction |       |       |     6 |       ||     6
  Use: Scroll            |     1 |       |       |    15 ||    16
       Potion            |       |       |       |     2 ||     2
 Stab: Sleeping          |     1 |     2 |     2 |     4 ||     9
       Distracted        |       |       |     4 |     2 ||     6
  Eat: Chunk             |       |     5 |    16 |     9 ||    30
Armor: Leather armour    |     7 |     9 |       |       ||    16
       Ring mail         |       |     8 |    61 |    19 ||    88
       Scale mail        |       |       |       |    73 ||    73
Dodge: Dodged            |    45 |    63 |   190 |   192 ||   490
Block: Buckler           |       |       |    46 |   110 ||   156
       Reflection        |       |       |       |     1 ||     1
